 Dungeon Crawl Stone Soup version 0.26-a0-466-g989023bd0d (webtiles) character file.

Game seed: 6794402974035089394

406 Apogee the Ruffian (level 6, 0/61 HPs)
             Began as a Troll Warper on Aug 14, 2020.
             Was an Initiate of Yredelemnul.
             Slain by a centaur (4 damage)
             ... on level 5 of the Dungeon.
             The game lasted 00:05:08 (2572 turns).

Apogee the Ruffian (Troll Warper)                   Turns: 2572, Time: 00:05:09

Health: 0/61       AC:  6    Str: 22    XL:     6   Next: 56%
Magic:  6/6        EV: 10    Int:  9    God:    Yredelemnul [......]
Gold:   137        SH:  0    Dex:  9    Spells: 5/7 levels left

rFire    . . .     SeeInvis .     - Unarmed
rCold    . . .     Faith    .   (no shield)
rNeg     . . .     Spirit   .   a - +0 robe
rPois    .         Reflect  .   (helmet restricted)
rElec    .         Harm     .   (no cloak)
rCorr    .                      (gloves unavailable)
MR       .....                  (boots unavailable)
Stlth    +.........             (no amulet)
HPRegen  0.60/turn              (no ring)
MPRegen  0.10/turn              (no ring)

@: hasted, very quick
A: large, unfitting armour, claws 3, regeneration 1, shaggy fur 1, tough skin 3
a: Renounce Religion


You were on level 5 of the Dungeon.
You worshipped Yredelemnul.
Yredelemnul was noncommittal.
You visited 2 branches of the dungeon, and saw 6 of its levels.

You collected 137 gold pieces.

Inventory:

Missiles
 d - 5 boomerangs of dispersal (quivered) {!f}
 g - 3 javelins
 k - 180 stones
 w - 4 boomerangs
 A - 13 poisoned darts
Armour
 a - a +0 robe (worn)
 p - a +0 cloak
   (You found it on level 1 of the Dungeon)
Jewellery
 f - an uncursed amulet of guardian spirit {unknown}
   (You found it on level 1 of the Dungeon)
 o - an uncursed amulet of reflection {unknown}
   (You found it on level 1 of the Dungeon)
 s - an uncursed amulet of the acrobat {unknown}
   (You found it on level 3 of the Dungeon)
 z - an uncursed amulet of reflection {unknown}
   (You found it on level 5 of the Dungeon)
Scrolls
 c - 2 scrolls of blinking
 h - 6 scrolls of identify {unknown}
 j - 2 scrolls of amnesia {unknown}
 l - 3 scrolls of teleportation {unknown}
 m - a scroll of fear {unknown}
 n - 2 scrolls of remove curse {unknown}
 q - 2 scrolls of magic mapping {unknown}
 r - 3 scrolls of enchant weapon {unknown}
 t - a scroll of noise {unknown}
 u - a scroll of fog {unknown}
 y - a scroll of random uselessness {unknown}
Potions
 b - 2 potions of lignification {unknown}
 e - 2 potions of haste {@q3}
 i - 2 potions of curing {unknown}
 v - a potion of ambrosia {unknown}
 x - a potion of heal wounds {unknown}
 B - 2 potions of stabbing {unknown}


   Skills:
 + Level 3.1 Fighting
 - Level 0.8 Throwing
 + Level 3.3 Dodging
 * Level 5.2 Unarmed Combat
 - Level 1.2 Spellcasting
 - Level 2.1 Translocations


You had 5 spell levels left.
You knew the following spells:

 Your Spells              Type           Power        Failure   Level
b - Blink                 Tloc           N/A          22%         2

Your spell library contained the following spells:

 Spells                   Type           Power        Failure   Level
 Shock                    Conj/Air       #...         36%         1
 Gell's Gravitas          Tloc           #.........   41%         3
 Lesser Beckoning         Tloc           #.........   41%         3
 Teleport Other           Tloc           #.......     41%         3
 Swiftness                Air            #.......     50%         2
 Static Discharge         Conj/Air       #.......     73%         3
 Passage of Golubria      Tloc           N/A          82%         4
 Airstrike                Air            #.........   98%         4
 Lightning Bolt           Conj/Air       #.........   100%        5


Dungeon Overview and Level Annotations

Branches:
Dungeon (5/15)             Temple (1/1) D:5

Altars:
Cheibriados
Dithmenos
Elyvilon
Fedhas
Gozag
Hepliaklqana
Kikubaaqudgha
Okawaru
Qazlal
Ru
Trog
Uskayaw
Vehumet
Wu Jian
Xom
Yredelemnul
Zin
The Shining One


Innate Abilities, Weirdness & Mutations

You are too large for most types of armour.
You have claws for hands.
Your natural rate of healing is unusually fast.
You are covered in fur. (AC +1)
You have extremely tough skin. (AC +3)


Message History

Yredelemnul accepts your kill.
No target in view!
No target in view!
No target in view!
No target in view!
No target in view!
No target in view!
No target in view!
No target in view!
No target in view!
No target in view!
No target in view! 2 gnolls and a centaur come into view.
A gnoll is wielding a +0 club and quivering 6 poisoned darts.
The gnoll shouts!
The centaur shouts!
The centaur wields a +0 shortbow.
The centaur shoots an arrow.
The arrow closely misses you.
An adder zombie comes into view.
The centaur shoots an arrow.
The arrow hits you!
Found 19 bolts.
Found a stone staircase leading up.
Items here: ( ) ? †.
There are monsters nearby!
You scratch the gnoll. The gnoll hits you with a +0 club.
The centaur shoots an arrow.
The arrow hits you!
You barely miss the gnoll.
The centaur shoots an arrow.
The arrow hits you!
* * * LOW HITPOINT WARNING * * *
There is an open door here.
You claw the gnoll!
You kill the gnoll!
Yredelemnul accepts your kill.
The centaur shoots an arrow.
The arrow closely misses you.
The centaur unwields a +0 shortbow.
The centaur barely misses you.
Things that are here:
a +0 club; a gnoll corpse You barely miss the centaur.
The centaur hits you.
* * * LOW HITPOINT WARNING * * *
You scratch the centaur but do no damage.
The centaur hits you but does no damage.
You closely miss the centaur. The centaur hits you!
* * * LOW HITPOINT WARNING * * *
The centaur hits you.
* * * LOW HITPOINT WARNING * * *
It was a potion of haste.
You feel yourself speed up.
The centaur hits you but does no damage.
You scratch the centaur. The centaur hits you!
* * * LOW HITPOINT WARNING * * *
You claw the centaur! The centaur closely misses you.
You claw the centaur! The centaur hits you.
You die...
Your body rises from the dead as a mindless zombie.

.....(.#.#.#.#############
######.#.#.#.# #.#.#.#
..#.#.# #.#.# #.#.# #g#.#
#############c#.#
#..........(@.#.#
#.#############.#### #.#
#....# #)#### ####.#
#.)..# #.# ####.# #.#
#.#############.#
#...............#
###############.#


You could see a centaur and a gnoll.

Vanquished Creatures
  Menkaure (D:4)
  2 hounds (D:4)
  An orc wizard (D:5)
  A bullfrog skeleton (D:4)
  Jessica (D:5)
  2 howler monkey skeletons (D:4)
  2 gnolls (D:5)
  2 adders
  A shadow imp (D:5)
  2 white imps (D:5)
  An ooze (D:1)
  A worm (D:2)
  A dart slug (D:1)
  A leopard gecko (D:2)
  4 orcs (D:5)
  3 bats
  5 giant cockroaches
  A goblin (D:2)
  7 hobgoblins
  8 jackals
  3 kobolds
  2 ball pythons
  3 frilled lizards
  3 rats
58 creatures vanquished.

Notes
Turn   | Place    | Note
-------+----------+-------------------------------------------
     0 | D:1      | Apogee the Troll Warper began the quest for the Orb.
     0 | D:1      | Reached XP level 1. HP: 19/19 MP: 1/1
   291 | D:1      | Reached XP level 2. HP: 28/28 MP: 2/2
   347 | D:1      | Learned a level 2 spell: Blink
   877 | D:2      | Noticed an ogre
   905 | D:3      | Reached XP level 3. HP: 35/35 MP: 3/3
   953 | D:3      | Found a shadowy altar of Dithmenos.
   964 | D:3      | Reached skill level 3 in Unarmed Combat
  1145 | D:3      | Found a hazy altar of Hepliaklqana.
  1428 | D:4      | Reached XP level 4. HP: 28/42 MP: 4/4
  1466 | D:4      | Noticed Menkaure
  1489 | D:4      | Killed Menkaure
  1489 | D:4      | Reached skill level 4 in Unarmed Combat
  1489 | D:4      | Reached XP level 5. HP: 38/50 MP: 5/5
  1922 | D:4      | Reached XP level 6. HP: 53/59 MP: 6/6
  2038 | D:5      | Entered Level 5 of the Dungeon
  2151 | D:5      | Found a hide-covered altar of Uskayaw.
  2218 | D:5      | Noticed Jessica
  2221 | D:5      | Reached skill level 5 in Unarmed Combat
  2234 | D:5      | Killed Jessica
  2244 | D:5      | Found a staircase to the Ecumenical Temple.
  2275 | Temple   | Entered the Ecumenical Temple
  2417 | Temple   | Became a worshipper of Yredelemnul the Dark
  2570 | D:5      | HP: 3/61 [centaur (8)]
  2572 | D:5      | Slain by a centaur

Illustrated notes

Levels and vault maps discovered:
D:1:      nagdon_arrival_double_spiral, layout_basic
D:2:      layout_basic, nicolae_overflow_hidden_temple, chequers_garden,
          uniq_crazy_yiuf_cottage, uniq_sigmund
D:3:      layout_basic, lemuel_coloured_pillars_altar, eino_curves_03,
          nicolae_dithmenos_shadow_blocks
D:4:      layout_loops_cross, uniq_menkaure
D:5:      layout_basic, tgw_sif, eat_drink_and_be_merry_uskayaw,
          temple_fountains
Temple:   nicolae_temple_elliptical

Skill      XL: |  1  2  3  4  5  6 |
---------------+-------------------+-----
Dodging        | 2 3 |  3.3
Fighting       | 2 3 |  3.1
Unarmed Combat | 3 4 5 |  5.2
Throwing       | |  0.8
Spellcasting   | |  1.2
Translocations | |  2.1

Action                   |  1- 3 |  4- 6 || total
-------------------------+-------+-------++-------
Melee: Unarmed           |    84 |    80 ||   164
       Punch             |       |     2 ||     2
 Cast: Blink             |     1 |       ||     1
  Use: Potion            |       |     1 ||     1
 Stab: Sleeping          |     1 |       ||     1
Armor: Robe              |    31 |    27 ||    58
Dodge: Dodged            |    34 |    33 ||    67

Table legend: (Time is in decaauts)
 A = Elapsed time spent in this place.
 B = Non-inter-level travel time spent in this place.
 C = Inter-level travel time spent in this place.
 D = Time resting spent in this place.
 E = Time spent auto-exploring this place.
 F = Levels seen in this place.
 G = Mean time per level.
                   A        B        C        D        E       F      G
               +--------+--------+--------+--------+--------+-----+--------+
         Total |   2596 |   2511 |     85 |      8 |   2051 |   6 |  432.7 |
       Dungeon |   2443 |   2389 |     54 |      8 |   1932 |   5 |  488.6 |
        Temple |    152 |    121 |     31 |      0 |    119 |   1 |  152.0 |
               +--------+--------+--------+--------+--------+-----+--------+

Top non-repeatable levels by time:
     D:1: 718 daAuts
     D:4: 642 daAuts
     D:3: 495 daAuts
     D:5: 375 daAuts
     D:2: 210 daAuts
  Temple: 152 daAuts
